Map: Submarine LE

Players

SpeCial

  • Race: Terran Terran
  • League: Master
  • Spawn Location: 5:00

Solar - Winner!

  • Race: Zerg Zerg
  • League: Master
  • Spawn Location: 11:00

Event: War Chest Team League

VOD

Have the link to the VOD?

Description

Time

  • Played on: Aug. 14, 2020, 5:13 a.m.
  • Length: 9:06
Show
View Real Time Build Order
Export as new Build Order

SpeCial Terran 

Build Orders: Banshee Rush 

Get SALT Encoding   

  12  0:00  SCV  
  13  0:12  SCV  
  14  0:17  Supply Depot  
  14  0:24  SCV  
  15  0:39  Barracks, SCV  
  16  0:44  Refinery  
  16  0:51  SCV  
  17  1:03  SCV  
  18  1:15  SCV  
  19  1:26  Marine  
  19  1:28  Orbital Command  
  20  1:40  Command Center  
  20  1:44  Marine  
  21  1:52  Supply Depot  
  21  1:55  SCV  
  22  2:05  Factory  
  22  2:09  Barracks Reactor  
  22  2:19  SCV  
  23  2:30  Refinery  
  23  2:32  SCV  
  24  2:44  SCV  
  25  2:51  Orbital Command  
  25  2:54  Starport  
  25  2:56  Hellion x2, SCV  
  30  3:08  SCV  
  31  3:17  Hellion x2  
  31  3:19  SCV  
  35  3:21  SCV  
  36  3:27  Supply Depot  
  36  3:31  SCV, Starport Tech Lab  
  37  3:35  SCV  
  38  3:43  SCV  
  38  3:48  SCV  
  40  3:54  Cloaking Field, Banshee  
  40  3:55  SCV  
  44  4:04  Command Center  
  44  4:07  Factory Tech Lab  
  44  4:08  SCV x2  
  46  4:13  Marine x2  
  48  4:20  SCV  
  48  4:21  Supply Depot, SCV  
  50  4:26  Siege Tank  
  53  4:32  SCV  
  54  4:39  Supply Depot  
  54  4:42  Marine x2, Banshee  
  54  4:43  SCV  
  60  4:46  SCV  
  61  4:55  SCV  
  62  5:00  Barracks, SCV  
  62  5:02  Barracks  
  62  5:06  Siege Tank  
  67  5:07  SCV  
  67  5:12  SCV  
  68  5:17  Marine x2  
  68  5:19  SCV x2  
  72  5:24  SCV, Refinery  
  72  5:25  Refinery  
  73  5:31  SCV x2  
  75  5:35  Marine  
  75  5:36  Marine  
  75  5:38  Starport Reactor, SCV, Siege Tank  
  81  5:43  Engineering Bay  
  81  5:44  Engineering Bay  
  81  5:45  Orbital Command  
  81  5:47  SCV  
  82  5:50  Barracks Tech Lab  
  82  5:53  Marine x2  
  82  5:54  Barracks, SCV  
  85  5:59  Barracks  
  85  6:04  Supply Depot  
  85  6:07  Orbital Command  
  85  6:11  Stimpack, Terran Infantry Weapons Level 1  
  85  6:13  Terran Infantry Armor Level 1  
  85  6:18  Combat Shield  
  85  6:23  Supply Depot  
  85  6:25  Medivac, Marine x4, SCV x2  
  91  6:26  Supply Depot  
  93  6:43  Barracks Reactor  
  93  6:44  Barracks, Marine x2  
  93  6:45  Medivac, SCV x2  
  93  6:46  Barracks, SCV  
  100  6:47  Barracks  
  100  6:49  Barracks Reactor  
  100  6:50  Marine  
  100  6:51  Supply Depot  
  101  6:56  Marine  
  101  6:57  SCV x2  
  101  6:58  SCV  
  101  7:00  Siege Tank  
  108  7:02  Marine  
  109  7:09  Supply Depot  
  109  7:10  Supply Depot  
  109  7:12  Marine x2  
  109  7:14  Marine  
  112  7:18  Medivac x2  
  112  7:19  SCV  
  112  7:22  Missile Turret  
  117  7:27  Missile Turret  
  117  7:28  Supply Depot, Marine, SCV x2, Missile Turret  
  120  7:30  Marine x2  
  120  7:34  Siege Tank  
  119  7:37  Supply Depot  
  119  7:39  Supply Depot, Marine x4  
  123  7:45  Marine  
  123  7:46  Armory, Marine  
  123  7:49  Marine  
  123  7:50  Marine  
  127  7:54  Marine x2  
  127  7:58  Medivac x2  
  131  8:02  SCV x2  
  131  8:04  Supply Depot  
  131  8:05  Marine x2  
  135  8:07  Marine x2  
  137  8:13  Marine, SCV  
  137  8:14  Marine, SCV  
  137  8:16  Marine  
  142  8:22  Marine  
  142  8:24  Marine x2  
  142  8:25  Marine x3  
  142  8:26  Marine  
  121  8:31  Marine  
  121  8:33  Marine x2  
  106  8:38  Marine  
  106  8:40  Marine  
  102  8:42  Marine x3  
  102  8:44  Marine x2  
Show
View Real Time Build Order
Export as new Build Order

Solar Zerg - Winner!

Build Orders: Pool First, Muta Ling Bane 

Get SALT Encoding   

  12  0:01  Drone  
  13  0:12  Overlord  
  13  0:16  Drone  
  14  0:30  Drone x2  
  14  0:34  Drone  
  17  0:44  Extractor  
  17  0:45  Spawning Pool  
  17  0:49  Drone  
  16  0:55  Drone  
  17  1:09  Drone  
  18  1:17  Hatchery  
  17  1:22  Drone  
  18  1:31  Queen  
  20  1:36  Zergling x2  
  21  1:42  Overlord  
  21  1:49  Metabolic Boost  
  21  2:03  Zergling x2  
  21  2:04  Drone  
  21  2:07  Queen  
  25  2:21  Overlord  
  25  2:22  Drone  
  25  2:30  Drone  
  25  2:31  Drone  
  27  2:39  Drone x2  
  27  2:41  Drone x2  
  33  2:52  Hatchery  
  30  2:59  Queen  
  30  3:02  Drone  
  30  3:05  Drone  
  34  3:08  Pneumatized Carapace  
  34  3:10  Drone  
  34  3:12  Drone  
  36  3:15  Drone x2  
  38  3:21  Drone x2  
  38  3:25  Overlord  
  38  3:26  Drone  
  41  3:32  Zergling x2  
  41  3:33  Zergling x2  
  43  3:40  Overlord  
  43  3:43  Queen  
  43  3:47  Drone x2  
  43  3:48  Zergling x4  
  48  3:49  Drone  
  48  3:54  Zergling x4  
  52  4:00  Overlord  
  52  4:03  Queen, Drone  
  52  4:04  Drone  
  56  4:14  Drone x4  
  56  4:15  Drone x2  
  62  4:17  Overlord  
  62  4:20  Drone x2  
  62  4:23  Drone  
  65  4:29  Roach Warren  
  65  4:30  Drone  
  65  4:32  Zergling x2  
  65  4:33  Spore Crawler  
  65  4:34  Lair  
  65  4:36  Extractor  
  65  4:38  Extractor  
  63  4:39  Drone, Spore Crawler  
  63  4:43  Drone  
  63  4:44  Drone, Spore Crawler  
  64  4:48  Queen  
  64  4:51  Overlord  
  66  4:54  Overlord  
  66  4:55  Drone  
  66  4:57  Drone  
  66  4:59  Drone  
  69  5:03  Drone x4  
  69  5:04  Drone  
  74  5:08  Overlord  
  74  5:12  Drone  
  75  5:17  Drone x2  
  75  5:18  Drone  
  75  5:20  Drone x2  
  77  5:28  Drone, Spore Crawler  
  77  5:30  Zergling x6  
  77  5:32  Drone x2  
  77  5:35  Extractor  
  82  5:36  Overseer  
  82  5:39  Drone  
  82  5:41  Drone, Spire  
  83  5:43  Extractor x2, Baneling Nest  
  83  5:45  Drone  
  83  5:46  Overlord  
  83  5:47  Drone x2  
  83  5:49  Drone x2  
  85  5:51  Overlord  
  85  5:54  Drone  
  85  6:00  Overlord x2  
  85  6:03  Overlord  
  89  6:09  Overseer, Drone x4  
  86  6:17  Zergling x10  
  91  6:23  Zergling x4  
  93  6:27  Drone  
  93  6:28  Drone, Centrifical Hooks  
  93  6:29  Drone  
  93  6:31  Zergling x2, Drone  
  93  6:32  Zergling x4  
  100  6:37  Overlord  
  100  6:49  Evolution Chamber  
  100  6:50  Evolution Chamber  
  100  6:53  Mutalisk x7  
  112  6:55  Mutalisk  
  112  6:59  Zergling x12  
  120  7:11  Hatchery  
  120  7:14  Drone  
  120  7:19  Overlord  
  120  7:21  Drone  
  120  7:25  Zergling x16  
  120  7:28  Hatchery  
  120  7:29  Zergling x4  
  129  7:32  Drone  
  129  7:35  Baneling x10  
  131  7:37  Overlord, Drone  
  131  7:44  Mutalisk x2  
  131  7:46  Drone  
  131  7:47  Overlord  
  136  7:52  Zergling x8  
  136  7:55  Mutalisk  
  136  7:56  Overlord  
  142  7:58  Mutalisk  
  142  8:01  Zergling x2  
  142  8:04  Baneling x5  
  145  8:06  Zergling x2  
  145  8:07  Baneling x2  
  145  8:11  Zergling x10  
  151  8:13  Baneling  
  151  8:14  Baneling x3  
  151  8:15  Zergling x4  
  151  8:21  Zergling x2  
  151  8:25  Zergling x12  
  145  8:28  Baneling x2  
  145  8:29  Baneling x2  
  145  8:32  Zergling x4  
  142  8:34  Baneling x9  
  142  8:37  Zergling x2  
  142  8:42  Zergling x10  
Tags
 
Add a new tag
Caveats
  • Supply blocks, unpowered buildings, or Contaminate may cause inaccurate times.
  • Supply counts are checked every 10 seconds.